 Dungeon Crawl Stone Soup version 0.31-a0-358-gac0dbeb3ab (webtiles) character file.

Game seed: 17559122308702596357

191 MacCMillion the Ruffian (level 5, -23/37 HPs)
             Began as a Merfolk Shapeshifter on July 25, 2023.
             Was an Initiate of Trog.
             Annihilated by an ogre
             ... wielding a +0 giant club
              (31 damage)
             ... on level 4 of the Dungeon.
             The game lasted 00:04:31 (3074 turns).

MacCMillion the Ruffian (Merfolk Shapeshifter)      Turns: 3074, Time: 00:04:31

Health: -23/37     AC:  5    Str: 17    XL:     5   Next: 70%
Magic:  5/5        EV: 12    Int:  7    God:    Trog [......]
Gold:   124        SH:  0    Dex: 15    Spells: 4/4 levels left

rFire   . .          .
                       - Unarmed
rCold   . . .        (no shield)
rNeg    . . .        p - +2 leather armour "Taos" {Rampage}
rPois   .            (helmet currently unavailable)
rElec   .            (cloak currently unavailable)
rCorr   .            (gloves currently unavailable)
SInv    .            (boots currently unavailable)
Will    .....        (no amulet)
Stlth   +            (no ring)
HPRegen 0.26/turn    (no ring)
MPRegen 0.09/turn

%: rampage
@: beast-form
A: beast (slay +3), (nimble swimmer 2), mertail
a: Begin Untransformation, Renounce Religion


You were on level 4 of the Dungeon.
You worshipped Trog.
Trog was noncommittal.
You were a hulking beast.
You visited 1 branch of the dungeon, and saw 5 of its levels.

You collected 124 gold pieces.

Inventory:

Armour
 p - the +2 leather armour "Taos" (worn) {Rampage}
   (You found it on level 4 of the Dungeon)

   Rampage:   It bestows one free step when moving towards enemies.
Jewellery
 i - a ring of flight
Talismans
 c - a beast talisman
Wands
 l - a wand of flame (20)
Scrolls
 d - a scroll of fear {unknown}
 j - 2 scrolls of identify {unknown}
 k - a scroll of fog {unknown}
 m - a scroll of teleportation {unknown}
 o - a scroll of blinking {unknown}
Potions
 a - a potion of haste {unknown}
 b - a potion of lignification
 e - a potion of attraction {unknown}
 f - 4 potions of heal wounds {unknown}
 g - a potion of magic {unknown}
 h - a potion of mutation {unknown}
 n - a potion of brilliance {unknown}


   Skills:
 - Level 1.1 Fighting
 - Level 2.6 Dodging
 + Level 6.6 Unarmed Combat
 - Level 4.3 Shapeshifting


You had 4 spell levels left.
You didn't know any spells.
Your spell library contained the following spells:

 Spells                   Type           Power      Damage    Failure   Level
 Summon Small Mammal      Summ           0%         N/A       50%         1
 Call Canine Familiar     Summ           0%         N/A       86%         3
 Summon Guardian Golem    Hex/Summ       0%         N/A       86%         3


Dungeon Overview and Level Annotations

Branches:
Dungeon (5/15)
 Temple: D:4-7

Altars:
Ashenzari
Dithmenos
Elyvilon
Hepliaklqana
Okawaru
Ru
Trog
Xom

Shops:
D:4 [


Innate Abilities, Weirdness & Mutations

You are a hulking beast.
Your limbs bulge with bestial killing power. (Slay +3)
((You are very nimble when in or above water. (Stealth+, EV+, Speed+++)))
Your lower body shifts to a powerful aquatic tail in water.


Message History

There is an open door here.
There is an open door here.
There is an open door here.
There is an open door here.
There is an open door here.
You see here a +0 mace.
There is an open door here.
There is an open door here.
There is a stone staircase leading up here.
You climb upwards.
There is a stone staircase leading down here.
There is a stone staircase leading down here.
You climb downwards.
There is a stone staircase leading up here.
Level map cleared.
There is a stone staircase leading up here.
There is an open door here.
There is an open door here.
There is an open door here.
There is an open door here.
There is an open door here.
There is an open door here.
There is an open door here.
An ogre is nearby!
The ogre shouts!
You rampage towards the ogre!
You barely miss the ogre. The ogre barely misses you.
You punch the ogre!
The ogre is moderately wounded.
You punch the ogre!
The ogre is severely wounded.
The ogre hits you with a +0 giant club!!
Ouch! That really hurt!
* * * LOW HITPOINT WARNING * * *
The ogre attacks as you move away! The ogre closely misses you.
There is an open door here.
The ogre attacks as you move away!
The ogre hits you with a +0 giant club!!
Ouch! That really hurt!
You die...

*.........#.....##..,,..#
*.##.###'##.....'...#*#.#
*,**,,#...#.....#...##*,##*******
*,,,#+#...#+#.#####...,,.,,,,,,,,
*,**#.......#.+...'.#**.#********
,,,,###...#####...#####.#
,,,,*,+...'.#.......#.'.#
,,*+*,#####.#'#..O#'#.###
,,*,,,,,#.....#.h.#.....####*
'**,,,,,+.....##'##.....'...#
,,*,,†,,#.....#...#.....###.#****
,,*'*,**###.#'#...#'#.###**,,,,,,
,,,,*,',,,+.#.......#.'.,,',,,,,,
,,*****,,,#####...#####...***,***
,,+,*,),,,,,*,+)..',*,,..[.,*,*
***,*'*,,,*+*,#####.*'*,..#'*,*
*,,,,,*,,,*,,,,,*,,..,*,..#,,,*


You could see an ogre.

Vanquished Creatures
  A phantom (D:4)
  5 adders
  An ufetubus (D:4)
  2 worms (D:3)
  A dart slug (D:4)
  6 orcs
  4 bats (D:1)
  4 endoplasms
  2 giant cockroaches
  4 goblins
  6 hobgoblins
  2 jackals (D:3)
  9 ball pythons
  4 frilled lizards
  5 kobolds
  4 rats
60 creatures vanquished.

Notes
Turn   | Place    | Note
-------+----------+-------------------------------------------
     0 | D:1      | MacCMillion the Merfolk Shapeshifter began the quest for
                  | the Orb.
     0 | D:1      | Reached XP level 1. HP: 15/15 MP: 1/1
   178 | D:1      | Reached XP level 2. HP: 21/21 MP: 2/2
   247 | D:1      | Reached skill level 4 in Unarmed Combat
   355 | D:1      | Reached XP level 3. HP: 26/26 MP: 3/3
  1014 | D:2      | You fall into a shaft and drop 1 floor!
  1014 | D:3      | Found a bloodstained altar of Trog.
  1016 | D:3      | Became a worshipper of Trog the Wrathful
  1019 | D:3      | Found a broken altar of Ashenzari.
  1089 | D:3      | Found a hazy altar of Hepliaklqana.
  1090 | D:3      | Found a shimmering altar of Xom.
  1091 | D:3      | Noticed a spectral ugly thing
  1239 | D:3      | Reached skill level 5 in Unarmed Combat
  1239 | D:3      | Reached XP level 4. HP: 32/32 MP: 4/4
  1729 | D:3      | Found a faded altar of an unknown god.
  2160 | D:4      | Found an iron altar of Okawaru.
  2163 | D:4      | Identified the +2 leather armour "Taos" {Rampage}
  2180 | D:4      | Found Leisi Ezo's Antique Armour Shoppe.
  2232 | D:4      | Noticed a phantom
  2243 | D:4      | Killed a phantom
  2244 | D:4      | Reached skill level 6 in Unarmed Combat
  2244 | D:4      | Reached XP level 5. HP: 31/37 MP: 5/5
  2543 | D:4      | Found a shadowy altar of Dithmenos.
  2596 | D:4      | Found a sacrificial altar of Ru.
  2715 | D:4      | Found a white marble altar of Elyvilon.
  2781 | D:5      | Entered Level 5 of the Dungeon
  2782 | D:5      | Noticed an ogre
  2784 | D:5      | Noticed a phantom
  3074 | D:4      | Annihilated by an ogre

Illustrated notes

Levels and vault maps discovered:
D:1:      kennysheep_arrival_forest, layout_rooms
D:2:      layout_basic, serial_shops, nicolae_shop_pleasant_corner_grove
D:3:      layout_basic, regret_index_temple_of_mockery,
          mainiacjoe_overflow_large_starburst, shapermc_ecumenical_altar_ellora
D:4:      nicolae_cairo_tiling_large, layout_loops_ring, marbit_many_paths,
          kennysheep_mini, kennysheep_mini_moat, overflow_temple_1_default,
          serial_shops, shop, kennysheep_generic_room_8
D:5:      dreamdust_elfheim, layout_rooms, minmay_temple_entry_trees,
          nicolae_wooded_promenade, uniq_eustachio

Skill      XL: |  1  2  3  4 |
---------------+-------------+-----
Unarmed Combat | 4 5 6 |  6.6
Fighting       | |  1.1
Dodging        | |  2.6
Shapeshifting  | |  4.3

Action                     |  1- 3 |  4- 6 || total
---------------------------+-------+-------++-------
  Melee: Unarmed           |    74 |    70 ||   144
         Punch             |     3 |     2 ||     5
   Stab: Sleeping          |     1 |     1 ||     2
 Armour: Animal skin       |     3 |       ||     3
         Ring mail         |     9 |     3 ||    12
         Leather armour    |       |    15 ||    15
  Dodge: Dodged            |    30 |    35 ||    65

Table legend: (Time is in decaauts)
 A = Elapsed time spent in this place.
 B = Non-inter-level travel time spent in this place.
 C = Inter-level travel time spent in this place.
 D = Time resting spent in this place.
 E = Time spent auto-exploring this place.
 F = Levels seen in this place.
 G = Mean time per level.
                   A        B        C        D        E       F      G
               +--------+--------+--------+--------+--------+-----+--------+
         Total |   3061 |   2917 |    144 |     94 |   2270 |   5 |  612.2 |
       Dungeon |   3061 |   2917 |    144 |     94 |   2270 |   5 |  612.2 |
               +--------+--------+--------+--------+--------+-----+--------+

Top non-repeatable levels by time:
     D:3: 1047 daAuts
     D:4: 998 daAuts
     D:1: 652 daAuts
     D:2: 357 daAuts
     D:5: 5 daAuts
